cohdb
Replays
Latest Replays
All Replays
Popular Replays
Top Player Replays
Match Explorer
How It Works
Community
CoH3 Stats
Reddit
Sign in to upload your games and track your stats! →
Sign in with Steam
Match 44590033
Unlisted
Match 44590033
Overview
Messages
Build Orders
End
Construct Barracks
Riflemen Squad
Riflemen Squad
Riflemen Squad
Grenade Package
Air Support Center
Construct Weapon Support Center
Construct Medical Station
Grasshopper Recon Run
Selects Armored Battlegroup
Selects Veteran Crews
Selects Strength in Steel
M3 Armored Personnel Carrier
Double Sortie
.30 cal Machine Gun
M1918 Browning Automatic Rifles
Engineer Squad
Grasshopper Recon Run
M3 Armored Personnel Carrier
剩者为王
我真的不是驴
JT
陈浩南
Jason_Beebe
game
IJustDontCare
nexnbb
0
0
Comments
sign in to comment!
No comments posted yet!